 Dungeon Crawl Stone Soup version 0.29.1-1-gd02db6906a (webtiles) character file.

Game seed: 4550391567037249143

40 warriortoast the Conjurer (level 3, -1/19 HPs)
             Began as a Deep Elf Conjurer on Oct 11, 2022.
             Killed by divine providence
             ... invoked by an orc priest
              (8 damage)
             ... on level 3 of the Dungeon.
             The game lasted 00:01:47 (1832 turns).

warriortoast the Conjurer (Deep Elf Conjurer)       Turns: 1832, Time: 00:01:47

Health: -1/19      AC:  2    Str:  4    XL:     3   Next: 30%
Magic:  10/10      EV: 12    Int: 24    God:
Gold:   36         SH:  0    Dex: 13    Spells: 9/10 levels left

rFire   . . .      SeeInvis .   (no weapon)
rCold   . . .      Faith    .   (no shield)
rNeg    . . .      Spirit   .   a - +0 robe
rPois   .          Reflect  .   (no helmet)
rElec   .          Harm     .   (no cloak)
rCorr   .          Rampage  .   (no gloves)
Will    .....                   (no boots)
Stlth   ++........              (no amulet)
HPRegen 0.06/turn               (no ring)
MPRegen 0.12/turn               (no ring)

@: no status effects
A: no striking features
a: no special abilities


You were on level 3 of the Dungeon.
You visited 1 branch of the dungeon, and saw 3 of its levels.

You collected 36 gold pieces.

Inventory:

Armour
 a - a +0 robe (worn)
Jewellery
 i - the ring of Xioror {+Blink rF+}
   (You found it on level 2 of the Dungeon)

   [ring of protection from fire]

   rF:        It protects you from fire.
   +Blink:    It lets you blink.
Scrolls
 c - a scroll of blinking {unknown}
 e - a scroll of magic mapping {unknown}
 f - a scroll of fear {unknown}
 g - a scroll of teleportation {unknown}
Potions
 b - 2 potions of magic
 d - 2 potions of flight {unknown}
 h - a potion of ambrosia {unknown}
 j - a potion of mutation {unknown}


   Skills:
 - Level 2.4 Dodging
 - Level 2.4 Stealth
 + Level 4.2 Spellcasting
 + Level 5.1 Conjurations


You had 9 spell levels left.
You knew the following spells:

 Your Spells              Type           Power      Damage    Failure   Level
a - Magic Dart            Conj           100%       1d8       1%          1

Your spell library contained the following spells:

 Spells                   Type           Power      Damage    Failure   Level
 Searing Ray              Conj           58%        2d6       1%          2
 Dazzling Flash           Conj/Hex       34%        N/A       10%         3
 Fulminant Prism          Conj/Hex       8%         3d7       32%         4
 Iskenderun's Mystic Bla  Conj/Tloc      17%        2d5       32%         4


Dungeon Overview and Level Annotations

Branches:
Dungeon (3/15)

Altars:


Message History

You can't see any susceptible monsters within range! (Use Z to cast anyway.)
You can't see any susceptible monsters within range! (Use Z to cast anyway.)
A quokka comes into view.
The magic dart hits the quokka.
The quokka is heavily wounded.
The magic dart hits the quokka.
You kill the quokka!
You can't see any susceptible monsters within range! (Use Z to cast anyway.)
You can't see any susceptible monsters within range! (Use Z to cast anyway.)
You open the door.
There is an open door here.
Found a dagger.
You open the door. You open the door.
There is an open door here.
A goblin comes into view. It is wielding a +0 dagger.
The magic dart hits the goblin!
You kill the goblin!
You can't see any susceptible monsters within range! (Use Z to cast anyway.)
You can't see any susceptible monsters within range! (Use Z to cast anyway.)
You can't see any susceptible monsters within range! (Use Z to cast anyway.)
j - a murky puce potion You see here a +0 dagger.
Found a stone staircase leading up.
You see here a +0 dagger.
Done exploring.
Done exploring.
There is a stone staircase leading down here.
You climb downwards.
There is a stone staircase leading up here.
An orc priest comes into view. It is wielding a +0 short sword.
The orc priest shouts!
An orc priest comes into view. It is wielding a +0 short sword.
An orc comes into view. It is wielding a +0 falchion.
The orc priest mumbles some strange prayers to Beogh against you.
Beogh smites you!
Ouch! That really hurt!
The orc priest mumbles some strange prayers to Beogh against you.
Beogh smites you!
You die...

#.# #.# #.#
#.# #.# #.#
#.# #@# #.#
##.# #..#
#.## #.# #.#
###########o#
.........##.#


You could see an orc priest.

Vanquished Creatures
  A dart slug (D:1)
  2 ball pythons
  4 endoplasms
  A giant cockroach (D:2)
  3 goblins (D:2)
  2 hobgoblins (D:1)
  6 kobolds
  5 quokkas
  2 bats (D:1)
  7 rats
33 creatures vanquished.

Notes
Turn   | Place    | Note
-------+----------+-------------------------------------------
     0 | D:1      | warriortoast the Deep Elf Conjurer began the quest for the
                  | Orb.
     0 | D:1      | Reached XP level 1. HP: 10/10 MP: 6/6
   328 | D:1      | Reached XP level 2. HP: 15/15 MP: 4/8
  1131 | D:2      | Identified the ring of Xioror {+Blink rF+}
  1137 | D:2      | Reached skill level 5 in Conjurations
  1137 | D:2      | Reached XP level 3. HP: 19/19 MP: 7/10
  1832 | D:3      | Killed from afar by an orc priest

Illustrated notes

Levels and vault maps discovered:
D:1:      heliophobic_arrival_henge, layout_loops_ring, chequers_jeans,
          nicolae_figureground_pulse
D:2:      layout_basic
D:3:      layout_loops_ring, serial_shops, nicolae_diamond_shop, uniq_natasha

Skill      XL: |  1  2 |
---------------+-------+-----
Spellcasting   | 4 |  4.2
Conjurations   | 5 |  5.1
Dodging        | |  2.4
Stealth        | |  2.4

Action                   || total
-------------------------++-------
 Cast: Magic Dart        ||    59
Dodge: Dodged            ||     1
